AoeStats
← Alan

Glade

510492162Analyzed
1v1 RM · 19h ago on Oct 1, 2026· 20m 18s· 2 players
Game mode
Random Map
Map size
Tiny (2 player)
Population
200
Speed
Normal
Resources
Standard
Victory
Conquest
Starting age
Dark Age
Ending age
Imperial Age
RankedLock teamsTeams togetherTeam positionsShared explorationLock speedFull tech treeHidden civsTurbo modeCheats
Victory
Defeat
🇬🇧 Malians · United Kingdom
1095
+16
🇳🇿 Goths · New Zealand
1099
-16
Alan
9:59 Feudal Age
9:24 Loom
11:26 Man-at-Arms
18:16 Castle Age
16:11 Horse Collar
16:55 Scale Mail Armor
17:28 Forging
18:24 Long Swordsman
19:09 Double-Bit Axe
19:17 Pikeman
20:23 Arson
Daddy Snake
2:52 Loom
10:19 Feudal Age
10:51 Double-Bit Axe
12:35 Wheelbarrow
15:03 Scale Barding Armor
17:16 Man-at-Arms
18:59 Forging
Connection lost

Rejoining the realm…

Still unreachable

The connection could not be restored.

Session expired

The server has moved on; the page needs a fresh start.